 Dungeon Crawl Stone Soup version 0.29.1-13-g9f3cf754e1 (console) character file.

Game seed: 12826961221577229445

2788 om the Thaumaturge (level 10, -1/64 HPs)
             Began as a Djinni Fire Elementalist on Feb 9, 2023.
             Shot with a sling bullet by a human (11 damage)
             ... on level 7 of the Dungeon.
             The game lasted 00:19:37 (10692 turns).

om the Thaumaturge (Djinni Fire Elementalist)      Turns: 10692, Time: 00:19:37

Health: -1/64      AC:  3    Str: 13    XL:     10   Next: 1%
Gold:   420        EV: 14    Int: 19    God:
                   SH:  0    Dex: 16

rFire   + + .      SeeInvis .   D - +2 short sword (speed)
rCold   x . .      Faith    .   (no shield)
rNeg    . . .      Spirit   .   a - +0 robe
rPois   ∞          Reflect  .   (no helmet)
rElec   .          Harm     .   t - +0 cloak
rCorr   .          Rampage  .   (no gloves)
Will    +....                   (boots unavailable)
Stlth   ++........              (no amulet)
HPRegen 0.20/turn               f - +6 ring of strength
MPRegen 0.00/turn               (no ring)

@: flying
A: sickness immunity, fire resistance 2, cold vulnerability 1, float, innate
caster, HP casting, extra vitality 1
a: no special abilities


You were on level 7 of the Dungeon.
You visited 2 branches of the dungeon, and saw 9 of its levels.

You collected 420 gold pieces.

Inventory:

Hand Weapons
 D - a +2 short sword of speed (weapon)
Armour
 a - a +0 robe (worn)
 t - a +0 cloak (worn)
Jewellery
 f - a +6 ring of strength (left hand)
Wands
 d - a wand of flame (27)
 y - a wand of roots (8)
 C - a wand of charming (6)
Scrolls
 e - 2 scrolls of blinking
 g - a scroll of fear {unknown}
 h - 2 scrolls of enchant armour {unknown}
 i - 3 scrolls of immolation
 l - a scroll of silence {unknown}
 o - a scroll of butterflies {unknown}
 s - a scroll of magic mapping {unknown}
 u - a scroll of amnesia {unknown}
 A - a scroll of poison {unknown}
Potions
 k - 3 potions of curing
 m - 3 potions of haste
 n - 2 potions of resistance
 p - 2 potions of mutation {unknown}
 q - a potion of brilliance {unknown}
 r - a potion of cancellation
 v - a potion of heal wounds {unknown}
 w - 2 potions of lignification {unknown}
 x - a potion of magic {unknown}
 z - 2 potions of degeneration {unknown}
 B - a potion of flight {unknown}


   Skills:
 + Level 1.9 Fighting
 - Level 5.0 Dodging
 - Level 2.0 Stealth
 * Level 9.7 Spellcasting


You had 7 spell levels left.
You knew the following spells:

 Your Spells              Type           Power      Damage    Failure   Level
a - Foxfire               Conj/Fire      100%       2x1d9     1%          1
b - Scorch                Fire           92%        2d10      1%          2
c - Conjure Flame         Conj/Fire      46%        6-21      1%          3
d - Inner Flame           Hex/Fire       46%        N/A       1%          3
e - Flame Wave            Conj/Fire      46%        2d12      1%          4
f - Apportation           Tloc           92%        N/A       1%          1
g - Searing Ray           Conj           92%        2d7       1%          2
h - Static Discharge      Conj/Air       46%        3-9/arc   1%          2
i - Vampiric Draining     Necr           46%        2d9       1%          3
Your spell library was empty.

Dungeon Overview and Level Annotations

Branches:
Dungeon (8/15)             Temple (1/1) D:6
   Lair: D:8-11

Altars:
Cheibriados
Dithmenos
Elyvilon
Fedhas
Gozag
Hepliaklqana
Nemelex Xobeh
Qazlal
Ru
Trog
Uskayaw
Wu Jian
Xom
Yredelemnul
Zin
The Shining One

Shops:
D:1 :


Innate Abilities, Weirdness & Mutations

You are immune to sickness and miasma.
You are immune to poison.
Your flesh is very heat resistant. (rF++)
You are vulnerable to cold. (rC-)
You float through the air rather than walking.
You learn spells naturally, not from books.
Your magical power is your life essence.
You have superior vitality. (+4 MHP)


Message History

Aiming: Vampiric Draining (safe; 1% risk of failure)
Press: ? - help, Shift-Dir - straight line, f/p - human
Aim: a human, wielding a +0 club and wearing a +0 leather armour (almost dead)
Okay, then.
Casting: Vampiric Draining (safe; 1% risk of failure)
Confirm with . or Enter, or press ? or * to list all spells.
Flames lash the human.
The human is moderately wounded.
The human's fire resistance burns away.
* * * LOW HITPOINT WARNING * * *
The human hits you with a +0 club.
* * * LOW HITPOINT WARNING * * *
Unknown command.
Casting: Scorch (safe; 1% risk of failure)
Confirm with . or Enter, or press ? or * to list all spells.
Aiming: Vampiric Draining (safe; 1% risk of failure)
Press: ? - help, Shift-Dir - straight line, f/p - human
Aim: a human, wielding a +0 club and wearing a +0 leather armour (almost dead)
You draw life force from the human!
You kill the human!
You feel life coursing into your body.
* * * LOW HITPOINT WARNING * * *
The human wields a +0 sling.
The human shoots a sling bullet.
The sling bullet misses you.
You have reached level 10!
Casting: Vampiric Draining (safe; 1% risk of failure)
Confirm with . or Enter, or press ? or * to list all spells.
You can't see any susceptible monsters within range! (Use Z to cast anyway.)
Casting: Vampiric Draining (safe; 1% risk of failure)
Confirm with . or Enter, or press ? or * to list all spells.
Flames lash the human.
The human is burned terribly!
The human is severely wounded.
* * * LOW HITPOINT WARNING * * *
The human shoots a sling bullet.
The sling bullet hits you!
* * * LOW HITPOINT WARNING * * *
Casting: Scorch (safe; 1% risk of failure)
Confirm with . or Enter, or press ? or * to list all spells.
Okay, then.
You feel better.
The human shoots a sling bullet.
The sling bullet hits you!
You die...

............## #.# #...#####
##########.######.# #.......##
...............##.########.###...
############...##..............##
#..............##..#######.###.#
#.###########......# #.# #.#
#.####.# ###.p#.#######.# #.#
.).....# ##)#.........# #.#
#.####.# #@########### #.# #.#
#.# #.# #.###.# #.#
#.#########.###### #.....#
#.####................# #)###.#
#...############....#.# #.# #.#
#.### ####.#.# #.# #.# #.# #.#.#
#.# #.# #.###### #.#.####.# #.#
.......############.#......# ###


You could see a human (combustible).

Vanquished Creatures
  Sigmund (D:4)
  A human (D:7)
  A steam dragon (D:6)
  3 ice beasts
  A sky beast (D:7)
  4 black bears
  3 centaurs
  An ogre (D:5)
  A kobold brigand (D:7)
  2 necrophages
  4 scorpions
  6 killer bees
  A howler monkey (D:6)
  4 hounds
  An iron imp (D:4)
  2 gnoll boudas
  A jelly (D:5)
  Crazy Yiuf (D:6)
  An iguana (D:7)
  18 gnolls
  3 adders
  A shadow imp (D:5)
  3 white imps
  6 worms
  3 dart slugs
  7 orcs
  2 bats (D:2)
  3 giant cockroaches
  3 goblins
  4 hobgoblins
  4 jackals (D:2)
  4 quokkas
  2 ball pythons (D:2)
  3 frilled lizards
  11 kobolds
  5 rats
121 creatures vanquished.

Vanquished Creatures (others)
  171 foxfires
  A fungus (D:6)
172 creatures vanquished.

Grand Total: 293 creatures vanquished

Notes
Turn   | Place    | Note
-------+----------+-------------------------------------------
     0 | D:1      | om the Djinni Fire Elementalist began the quest for the
                  | Orb.
     0 | D:1      | om set off with the following spells memorised: Foxfire,
                  | Scorch, Conjure Flame, Inner Flame, Flame Wave.
     0 | D:1      | Reached XP level 1. HP: 15/15 MP: 0/0
    64 | D:1      | Found Diexti's Book Emporium.
   348 | D:1      | Reached XP level 2. HP: 17/21 MP: 0/0
   651 | D:1      | Found a faded altar of an unknown god.
   738 | D:1      | Reached skill level 3 in Spellcasting
   935 | D:2      | Reached XP level 3. HP: 7/25 MP: 0/0
   935 | D:2      | Learned a level 1 spell: Apportation
  2272 | D:2      | Reached XP level 4. HP: 6/31 MP: 0/0
  3338 | D:2      | Reached skill level 4 in Spellcasting
  3338 | D:2      | Reached XP level 5. HP: 31/35 MP: 0/0
  3338 | D:2      | Learned a level 2 spell: Searing Ray
  3956 | D:3      | Found a shimmering altar of Xom.
  4294 | D:3      | Found a glowing silver altar of Zin.
  4324 | D:3      | Found a glowing golden altar of the Shining One.
  4576 | D:4      | Noticed a black bear
  4586 | D:4      | Killed a black bear
  4587 | D:4      | Reached XP level 6. HP: 19/40 MP: 0/0
  4891 | D:4      | Reached skill level 5 in Spellcasting
  5263 | D:4      | Found a snail-covered altar of Cheibriados.
  5505 | D:4      | Noticed Sigmund
  5517 | D:4      | Killed Sigmund
  5518 | D:4      | Reached XP level 7. HP: 15/46 MP: 0/0
  5518 | D:4      | Learned a level 2 spell: Static Discharge
  5997 | D:5      | Entered Level 5 of the Dungeon
  6251 | D:4      | Reached skill level 6 in Spellcasting
  6490 | D:5      | Reached skill level 1 in Fighting
  6490 | D:5      | Reached XP level 8. HP: 46/52 MP: 0/0
  6783 | D:5      | Reached skill level 7 in Spellcasting
  7842 | D:6      | Reached XP level 9. HP: 45/57 MP: 0/0
  7842 | D:6      | Learned a level 3 spell: Vampiric Draining
  7957 | D:6      | Found a staircase to the Ecumenical Temple.
  7967 | D:6      | Reached skill level 8 in Spellcasting
  8004 | Temple   | Entered the Ecumenical Temple
  8228 | D:6      | Found a white marble altar of Elyvilon.
  8435 | D:6      | Reached skill level 5 in Dodging
  8951 | D:6      | Found a runed translucent door.
  8952 | D:6      | Noticed Crazy Yiuf
  8960 | D:6      | Killed Crazy Yiuf
  9498 | D:7      | Reached skill level 9 in Spellcasting
  9542 | D:7      | Found a hide-covered altar of Uskayaw.
 10190 | D:8      | HP: 1/58 [killer bee (7)]
 10573 | D:7      | Found a hide-covered altar of Uskayaw.
 10691 | D:7      | Reached XP level 10. HP: 13/64 MP: 0/0
 10691 | D:7      | HP: 3/64 [human/sling bullet (8)]
 10692 | D:7      | Shot with a sling bullet by a human

Illustrated notes

Levels and vault maps discovered:
D:1:      reono_arrival_mine, layout_rooms, shapermc_ecumenical_altar_rom_forum,
          serial_shops, nicolae_shop_advertising_works
          [nicolae_subvault_shop_adworks], chequers_serial_rivers_large_a
D:2:      layout_basic, kennysheep_donut, minmay_indecisive_spiral
D:3:      layout_loops_ring, gammafunk_temple_overflow_pools,
          mainiacjoe_overflow_big_doors
D:4:      layout_loops_ring, slow_altar_2, hangedman_abyss_or_decor_passed,
          nicolae_hexahallways, uniq_sigmund
D:5:      layout_basic
D:6:      layout_loops_ring, mainiacjoe_overflow_alcove_4,
          minmay_temple_entry_purple_smoke, uniq_crazy_yiuf_cottage
D:7:      layout_basic, mainiacjoe_overflow_tiny_flanked, minmay_statues_item
D:8:      layout_rooms, gammafunk_ghost_split, minmay_ruffians
Temple:   nicolae_temple_ecumenical_triangle

Skill      XL: |  1  2  3  4  5  6  7  8  9 |
---------------+----------------------------+-----
Spellcasting   | 3 4 5 6 7 9 |  9.7
Dodging        | 3 4 5 |  5.0
Stealth        | 2 |  2.0
Fighting       | 1 |  1.9

Action                   |  1- 3 |  4- 6 |  7- 9 | 10-12 || total
-------------------------+-------+-------+-------+-------++-------
Melee: Dagger            |     7 |     9 |    24 |       ||    40
       Unarmed           |     3 |       |       |       ||     3
       Punch             |       |     1 |       |       ||     1
 Cast: Foxfire           |    35 |    39 |    23 |       ||    97
       Scorch            |    21 |    14 |    49 |     1 ||    85
       Searing Ray       |       |    15 |    28 |       ||    43
       Static Discharge  |       |       |     2 |       ||     2
       Vampiric Draining |       |       |     4 |       ||     4
  Use: Scroll            |       |     4 |     8 |       ||    12
       Potion            |       |     1 |       |     1 ||     2
 Stab: Sleeping          |       |     1 |     1 |       ||     2
Armor: Robe              |     3 |     4 |    19 |       ||    26
Dodge: Dodged            |    15 |    14 |   109 |       ||   138
